 Dungeon Crawl Stone Soup version 0.26-a0-259-g1effd001a9 (webtiles) character file.

Game seed: 2195119632474748741

4846 Esekla the Carver (level 10, -2/76 HPs)
             Began as a Formicid Abyssal Knight on July 12, 2020.
             Was a High Priest of Lugonu.
             Slain by a yak (35 damage)
             ... on level 9 of the Dungeon.
             The game lasted 00:54:40 (9500 turns).

Esekla the Carver (Formicid Abyssal Knight)         Turns: 9500, Time: 00:54:40

Health: -2/76      AC: 13    Str: 18    XL:     10   Next: 78%
Magic:  13/13      EV: 11    Int: 12    God:    Lugonu [*****.]
Gold:   405        SH:  0    Dex: 15    Spells: 7/10 levels left

rFire    . . .     SeeInvis +   k - +5 great sword
rCold    . . .     Faith    +   m - +2 kite shield
rNeg     + . .     Spirit   .   l - +3 ring mail
rPois    +         Reflect  .   (helmet unavailable)
rElec    .         Harm     .   J - +0 cloak {rPois}
rCorr    .                      O - +1 pair of gloves {Dex+3}
MR       +....                  (no boots)
Stlth    +.........             i - amulet of faith
HPRegen  0.22/turn              u - ring of positive energy
MPRegen  0.13/turn              I - ring of teleportation (curse)

@: sleeping
A: permanent stasis, dig shafts and tunnels, four strong arms, antennae 3
a: Dig, Shaft Self, Depart the Abyss, Bend Space, Banish, Corrupt, Enter the
Abyss, Renounce Religion


You were on level 9 of the Dungeon.
You worshipped Lugonu.
Lugonu was extremely pleased with you.
You were not hungry.

You visited 2 branches of the dungeon, and saw 10 of its levels.
You visited the Abyss 1 time.

You collected 405 gold pieces.

Inventory:

Hand Weapons
 a - a +1 falchion
 k - a +5 great sword (weapon)
 s - a +3 dagger of speed
 w - a +2 great sword of freezing
 y - the +4 trident "Otolusao" {flame, +Blink rPois Int+4}
   (You found it on level 5 of the Dungeon)

   It has been specially enchanted to burn those struck by it, causing extra
   injury to most foes and up to half again as much damage against particularly
   susceptible opponents.
   It affects your intelligence (+4).
   It protects you from poison.
   It lets you blink.
 E - a +2 dagger of venom
 N - a +3 long sword of freezing
 P - a +2 rapier of venom
Missiles
 v - 32 poisoned darts (quivered)
 z - 9 boomerangs
Armour
 l - a +3 ring mail (worn)
 m - a +2 kite shield (worn)
 x - a +0 buckler
 D - a +0 cloak
 J - a +0 cloak of poison resistance (worn)
 O - a +1 pair of gloves of dexterity (worn)
Jewellery
 i - an amulet of faith (around neck)
 u - a ring of positive energy (left hand)
 I - a cursed ring of teleportation (right hand)
 M - an uncursed ring of flight
Wands
 d - a wand of paralysis (11)
 H - a wand of clouds (6)
Scrolls
 e - 2 scrolls of teleportation {unknown}
 g - a scroll of immolation {unknown}
 h - a scroll of brand weapon {unknown}
 q - a scroll of amnesia {unknown}
 r - 3 scrolls of enchant armour {unknown}
 t - a scroll of noise {unknown}
 C - a scroll of remove curse {unknown}
 G - a scroll of random uselessness {unknown}
 K - a scroll of torment
 L - a scroll of fog
Potions
 b - a potion of heal wounds
 j - 3 potions of flight
 n - 5 potions of curing
 o - a potion of brilliance
 p - 2 potions of stabbing
 A - a potion of might
 B - a potion of haste
 F - a potion of invisibility {unknown}
Comestibles
 c - 20 rations


   Skills:
 + Level 5.8 Fighting
 * Level 10.6 Long Blades
 + Level 2.0 Throwing
 * Level 6.5 Armour
 + Level 1.8 Dodging
 + Level 1.2 Stealth
 * Level 7.3 Shields
 * Level 0.9 Spellcasting
 * Level 0.9 Charms
 * Level 0.5 Ice Magic
 + Level 5.0 Invocations


You had 7 spell levels left.
You knew the following spells:

 Your Spells              Type           Power        Failure   Level
a - Ozocubu's Armour      Chrm/Ice       #.......     85%         3

Your spell library contained the following spells:

 Spells                   Type           Power        Failure   Level
 Infusion                 Chrm           #...         43%         1
 Spectral Weapon          Hex/Chrm       #.......     87%         3
 Confusing Touch          Hex            #.......     91%         3
 Gell's Gravitas          Tloc           #.........   91%         3
 Petrify                  Tmut/Erth      #.......     100%        4
 Bolt of Magma            Conj/Fire/Erth #.........   100%        5
 Excruciating Wounds      Chrm/Necr      #.........   100%        5
 Iskenderun's Battlesphe  Conj/Chrm      #.......     100%        5
 Metabolic Englaciation   Hex/Ice        #.........   100%        5
 Yara's Violent Unravell  Hex/Tmut       #.........   100%        5
 Iron Shot                Conj/Erth      #.........   100%        6
 Orb of Destruction       Conj           #.........   100%        7
 Spellforged Servitor     Conj/Summ      #.........   100%        7
 Swiftness                Chrm/Air       Unusable     N/A         2

Dungeon Overview and Level Annotations

Branches:
Dungeon (9/15)             Temple (1/1) D:4
   Lair: D:8-11         Orc: D:9-12

Altars:
Dithmenos
Elyvilon
Fedhas
Kikubaaqudgha
Makhleb
Ru
Sif Muna
Vehumet
Wu Jian
Xom
Yredelemnul
The Shining One

Shops:
D:5 %   D:7 (

Annotations:
D:9 Grum


Innate Abilities, Weirdness & Mutations

You cannot be hasted, slowed, berserked, paralysed or teleported.
You can dig through walls and to a lower floor.
Your four strong arms can wield two-handed weapons with a shield.
You have a pair of large antennae on your head. (SInv)


Message History

The dream sheep shake their wool and sparkle.
You feel drowsy...
You fall asleep.
The dream sheep bites you!
You wake up.
* * * LOW HITPOINT WARNING * * *
The dream sheep bites you but does no damage.
It was a potion of haste.
Your stasis prevents you from being hasted.
You block the dream sheep's attack. Grum closely misses you.
You block the dream sheep's attack.
It was a potion of heal wounds.
You feel much better.
The dream sheep bites you but does no damage.
You block Grum's attack. The dream sheep bites you.
The yak gores you but does no damage.
The dream sheep ruffle their wool and motes of dream dust sparkle, to no effect.
You closely miss the dream sheep. The dream sheep closely misses you.
Grum barely misses you.
The dream sheep shake their wool and sparkle.
You feel drowsy...
You fall asleep.
The yak gores you!!
You die...

###### ###### ...... ...... #
####### ..... ...... %.#%...$#
..=# ###### %.'....≈# #|.#
..'.P%..### #..#
..'%...≈)†######@.##########
..#.....#.....gYY...........
+##P≈P.≈#.....KY.........#
{#≈≈≈≈P#..........))....#
+.P≈PP#..........).....########
#######........................
#########################


You could see Grum, a yak, a big kobold and 2 dream sheep.

Vanquished Creatures
  2 unseen horrors (D:7)
  An ugly thing (D:7)
  2 hippogriffs (D:7)
  A yak (D:9)
  Edmund (D:5)
  An ice beast (D:5)
  An orc warrior (D:7)
  A sky beast (D:7)
  A hornet zombie (D:6)
  A phantom (D:4)
  4 ogres
  2 wolves (D:9)
  A centaur (D:7)
  2 big kobolds
  3 bullfrogs
  A water moccasin zombie (D:7)
  2 scorpions (D:7)
  5 killer bees
  3 wights
  A howler monkey (D:5)
  A bullfrog zombie (D:5)
  4 hounds
  3 jellies
  5 orc priests
  2 bullfrog skeletons
  3 centaur skeletons
  2 worker ants (D:7)
  5 orc wizards
  A hound zombie (D:5)
  A mummy (D:4)
  A worker ant zombie (D:8)
  Robin (D:3)
  6 adders
  An ufetubus (D:5)
  2 oozes
  An adder zombie (D:9)
  3 adder skeletons
  3 dart slugs
  2 worms (D:4)
  2 leopard geckos
  24 orcs
  4 giant cockroaches
  10 goblins
  6 hobgoblins
  5 jackals
  5 quokkas
  4 bats (D:3)
  2 frilled lizards (D:3)
  2 hobgoblin zombies (D:4)
  4 kobolds
  A kobold zombie (D:4)
  2 leopard gecko skeletons
  An orc zombie (D:4)
  6 rats
161 creatures vanquished.

Vanquished Creatures (others)
  6 toadstools (D:4)
6 creatures vanquished.

Grand Total: 167 creatures vanquished

Notes
Turn   | Place    | Note
-------+----------+-------------------------------------------
     0 | Abyss:1  | Esekla the Formicid Abyssal Knight began the quest for the
                  | Orb.
     0 | Abyss:1  | Reached XP level 1. HP: 18/18 MP: 2/2
     4 | Abyss:1  | Found a corrupted altar of Lugonu.
    14 | Abyss:1  | Found a corrupted altar of Lugonu.
    63 | Abyss:2  | Found a viscous altar of Jiyva.
   124 | Abyss:3  | Noticed a bone dragon
   165 | Abyss:4  | Noticed an ancient zyme
   166 | Abyss:4  | Noticed a chaos spawn
   166 | Abyss:4  | Noticed a smoke demon
   179 | D:1      | Escaped the Abyss
   676 | D:2      | Found a glowing golden altar of the Shining One.
   705 | D:2      | Found an ornate altar of the Wu Jian Council.
  1033 | D:2      | Reached XP level 2. HP: 22/24 MP: 3/3
  1630 | D:3      | Reached * piety under Lugonu
  1712 | D:3      | Reached XP level 3. HP: 25/30 MP: 4/4
  1784 | D:3      | Reached XP level 4. HP: 22/37 MP: 5/5
  2063 | D:3      | Reached skill level 1 in Dodging
  2080 | D:3      | Reached skill level 3 in Long Blades
  2540 | D:4      | Found a staircase to the Ecumenical Temple.
  2570 | Temple   | Entered the Ecumenical Temple
  2595 | D:5      | Entered Level 5 of the Dungeon
  2619 | D:4      | Reached skill level 1 in Shields
  2735 | D:4      | Reached XP level 5. HP: 40/42 MP: 7/7
  2805 | D:5      | Reached ** piety under Lugonu
  2808 | D:5      | Noticed an ogre
  2836 | D:5      | Killed an ogre
  2836 | D:5      | Reached skill level 4 in Long Blades
  2836 | D:5      | Reached XP level 6. HP: 30/48 MP: 8/8
  3014 | D:4      | Found a radiant altar of Vehumet.
  3030 | D:4      | Found an ancient bone altar of Kikubaaqudgha.
  3248 | D:5      | Reached XP level 7. HP: 47/54 MP: 9/9
  3901 | D:5      | Got a smoking trident
  4093 | D:4      | Identified the +4 trident "Otolusao" {flame, +Blink rPois
                  | Int+4} (You found it on level 5 of the Dungeon)
  4155 | D:4      | Reached skill level 5 in Long Blades
  4438 | D:3      | Noticed Robin
  4448 | D:3      | Killed Robin
  4598 | D:3      | Reached *** piety under Lugonu
  4737 | D:3      | Found a shadowy altar of Dithmenos.
  6128 | D:4      | Reached XP level 8. HP: 61/61 MP: 11/11
  6289 | D:5      | Found Kaliop's Food Shop.
  6309 | D:5      | Reached skill level 6 in Long Blades
  6539 | D:5      | Noticed Edmund
  6579 | D:5      | Killed Edmund
  7070 | D:6      | Reached skill level 7 in Long Blades
  7490 | D:6      | Reached XP level 9. HP: 67/67 MP: 12/12
  7507 | D:7      | Noticed a two-headed ogre
  7625 | D:7      | Found Huimn's Antique Weapon Emporium.
  7712 | D:7      | Reached skill level 1 in Throwing
  7718 | D:7      | Reached **** piety under Lugonu
  7718 | D:7      | Reached skill level 5 in Armour
  7728 | D:7      | Reached skill level 5 in Fighting
  8072 | D:7      | Reached skill level 8 in Long Blades
  8072 | D:7      | Reached skill level 5 in Invocations
  8275 | D:7      | Found a runed translucent door.
  8277 | D:7      | Noticed a hippogriff
  8296 | D:7      | Reached skill level 1 in Stealth
  8324 | D:7      | Noticed an unseen horror
  8326 | D:7      | Noticed a green ugly thing
  8336 | D:7      | Killed an unseen horror
  8336 | D:7      | Reached skill level 5 in Shields
  8341 | D:7      | Noticed an unseen horror
  8348 | D:7      | Killed a green ugly thing
  8348 | D:7      | Reached skill level 9 in Long Blades
  8348 | D:7      | Reached XP level 10. HP: 43/74 MP: 13/13
  8363 | D:7      | Killed an unseen horror
  8363 | D:7      | Reached skill level 10 in Long Blades
  8373 | D:7      | Identified the Disquisition on Good Luck
  8562 | D:7      | Learned a level 3 spell: Ozocubu's Armour
  9137 | D:6      | Found a burning altar of Makhleb.
  9143 | D:6      | You fall into a shaft and drop 3 floors!
  9449 | D:9      | Reached ***** piety under Lugonu
  9464 | D:9      | Noticed Grum
  9500 | D:9      | Slain by a yak

Illustrated notes

Levels and vault maps discovered:
D:1:      lemuel_arrival_hallway, layout_loops_corners
D:2:      layout_loops_cross, lemuel_crystal_altar,
          nicolae_overflow_crystal_walls, serial_bayou_pond_a
D:3:      layout_basic, grunt_dithmenos_smoke, serial_rivers,
          chequers_serial_rivers_small_b, chequers_serial_rivers_micro_d,
          chequers_serial_rivers_marsh, chequers_serial_rivers_micro_e,
          first_ration, minmay_ruptured, uniq_robin
D:4:      layout_cave_pods, grunt_temple_overflow_open,
          minmay_temple_entry_statues_fountains, minmay_gold_behind_fungi,
          minmay_mini_ossuary
D:5:      layout_loops_ring, serial_shops, shop, uniq_edmund
D:6:      layout_rooms, old_standard_altar, serial_co_window_serial,
          co_window_corner_a, co_window_of_opportunity_a,
          co_window_of_opportunity_a, co_window_of_opportunity_a,
          co_window_corner_a, co_window_of_opportunity_c,
          co_window_unsneaky_path_e, co_window_broadway_c, co_window_2corner,
          co_window_broadway_b, co_window_corner_b, glass_columns_b
D:7:      minmay_the_grid_triangle_9x9_recursive_2
          [minmay_the_grid_triangle_9x9_prize_center,
          minmay_the_grid_triangle_9x9_wacky_v,
          minmay_the_grid_triangle_9x9_flanged_cone,
          minmay_the_grid_triangle_9x9_subtriangle], layout_basic, serial_shops,
          nicolae_shop_behind_doors
D:8:      layout_layer_cave
D:9:      layout_long_grid, basic_altar, chequers_serial_rivers_small_3,
          hangedman_ranch [blue_anna_fruit_fields], uniq_grum
Temple:   eino_temple_rhombus

Skill      XL: |  1  2  3  4  5  6  7  8  9 10 |
---------------+-------------------------------+-----
Armour         | 3 4 5 6 |  6.5
Dodging        | 1 |  1.8
Long Blades    | 3 4 5 7 9 10 | 10.6
Shields        | 1 2 3 4 6 7 |  7.3
Fighting       | 4 5 |  5.8
Invocations    | 3 4 5 |  5.0
Throwing       | 1 2 |  2.0
Stealth        | 1 |  1.2
Spellcasting   | |  0.9
Charms         | |  0.9
Ice Magic      | |  0.5

Action                   |  1- 3 |  4- 6 |  7- 9 | 10-12 || total
-------------------------+-------+-------+-------+-------++-------
Melee: Falchion          |    72 |    72 |       |       ||   144
       Dagger            |       |     9 |       |       ||     9
       Great sword       |       |    34 |   241 |   114 ||   389
Throw: Dart              |       |     4 |    11 |     5 ||    20
Invok: Depart the Abyss  |     1 |       |       |       ||     1
       Bend Space        |       |       |     1 |       ||     1
  Use: Scroll            |       |       |     5 |     3 ||     8
       Potion            |       |       |     4 |     2 ||     6
 Stab: Sleeping          |       |       |       |     1 ||     1
  Eat: Ration            |     1 |     1 |     5 |     1 ||     8
Armor: Leather armour    |    16 |     9 |       |       ||    25
       Ring mail         |       |    38 |    78 |    49 ||   165
       Skin              |       |       |     1 |       ||     1
Dodge: Dodged            |    31 |    44 |    79 |    51 ||   205
Block: Kite shield       |       |    44 |   142 |    84 ||   270
       Rpst.: Falchion   |    12 |    13 |       |       ||    25
       Great sword       |       |     2 |    18 |    18 ||    38

Table legend:
 A = Non-vault XP
 B = Vault XP
 C = Vault XP percentage of total XP
 D = Non-vault monster count
 E = Vault monster count
 F = Vault count percentage of total count
                 A         B        C        D         E       F
            +---------+---------+-------+---------+---------+-------
      Total |    3130 |    3794 |  54.8 |     126 |      35 |  21.7
            +---------+---------+-------+---------+---------+-------
        D:1 |      12 |       0 |   0.0 |       7 |       0 |   0.0
        D:2 |      22 |       0 |   0.0 |       5 |       0 |   0.0
        D:3 |     155 |      31 |  16.7 |      34 |       9 |  20.9
        D:4 |     371 |      22 |   5.6 |      23 |       5 |  17.9
        D:5 |     853 |     166 |  16.3 |      18 |       1 |   5.3
        D:6 |     416 |       0 |   0.0 |       8 |       0 |   0.0
        D:7 |     750 |    3052 |  80.3 |      15 |      16 |  51.6
        D:8 |     270 |       0 |   0.0 |       6 |       0 |   0.0
        D:9 |     281 |     523 |  65.0 |      10 |       4 |  28.6
            +---------+---------+-------+---------+---------+-------
